Map: [TLMC22] Rainfall

Players

Reynor - Winner!

  • Race: Zerg Zerg
  • League: Master

GgMaChine

  • Race: Zerg Zerg
  • League: Grandmaster

VOD

Have the link to the VOD?

Description

Time

  • Played on: May 15, 2026, 1:19 p.m.
  • Length: 7:56
Show
View Real Time Build Order
Export as new Build Order

Reynor Zerg - Winner!

Build Orders: Hatch First 

Get SALT Encoding   

  12  0:00  Drone  
  13  0:08  Drone  
  14  0:14  Extractor, Drone  
  15  0:21  Overlord  
  15  0:40  Drone  
  16  0:45  Hatchery  
  16  0:49  Drone  
  16  0:52  Drone  
  16  0:56  Drone  
  18  1:06  Extractor  
  17  1:12  Spawning Pool  
  17  1:14  Drone  
  17  1:18  Drone  
  18  1:26  Drone  
  19  1:37  Drone  
  20  1:48  Drone  
  21  1:58  Queen x2  
  21  1:59  Zergling x2  
  21  2:00  Overlord  
  26  2:09  Drone  
  26  2:10  Drone  
  26  2:11  Metabolic Boost  
  28  2:20  Drone x2  
  30  2:30  Drone, Zergling x2  
  32  2:37  Hatchery  
  32  2:41  Drone  
  32  2:45  Overlord  
  32  2:52  Drone  
  32  2:53  Baneling Nest, Drone  
  33  3:03  Drone x2  
  35  3:07  Zergling x2  
  35  3:08  Zergling x8  
  35  3:11  Zergling x2  
  41  3:15  Overlord  
  41  3:18  Zergling x2  
  42  3:26  Drone  
  43  3:27  Roach Warren  
  43  3:28  Drone  
  43  3:37  Baneling x2, Drone  
  43  3:38  Drone x2  
  46  3:43  Overlord  
  46  3:47  Drone x3  
  48  3:53  Extractor  
  47  3:59  Queen  
  47  4:01  Drone x2  
  51  4:03  Overlord  
  51  4:09  Drone  
  52  4:10  Drone x2  
  65  4:24  Roach x6  
  65  4:26  Roach  
  65  4:27  Roach  
  69  4:32  Overlord  
  69  4:35  Drone x3  
  69  4:38  Drone  
  73  4:44  Lair  
  73  4:51  Overlord  
  73  4:53  Drone x3  
  73  4:54  Extractor, Evolution Chamber, Drone  
  73  4:56  Drone  
  73  4:59  Extractor  
  75  5:00  Drone x2  
  75  5:03  Drone x2  
  75  5:07  Baneling  
  79  5:09  Drone x2  
  79  5:10  Drone  
  79  5:11  Drone  
  79  5:12  Drone x2  
  85  5:20  Drone x3  
  85  5:21  Drone x2  
  85  5:25  Drone  
  85  5:28  Overlord  
  88  5:34  Overlord  
  88  5:38  Roach  
  88  5:40  Extractor  
  88  5:41  Overlord  
  88  5:43  Glial Reconstitution  
  88  5:44  Overlord  
  88  5:45  Drone  
  88  5:46  Overseer  
  88  5:48  Roach x3  
  88  5:49  Roach  
  97  5:52  Roach x2  
  101  5:59  Roach x2  
  101  6:00  Roach x2  
  101  6:03  Spine Crawler, Roach  
  109  6:06  Roach x2  
  109  6:07  Spine Crawler  
  112  6:14  Roach x2  
  112  6:15  Roach x3  
  120  6:21  Overlord  
  120  6:23  Overlord  
  117  6:27  Roach x2  
  117  6:28  Overlord  
  121  6:35  Overlord x2  
  121  6:39  Roach x3  
  129  6:40  Roach  
  129  6:42  Roach x2  
  132  6:48  Roach x3  
  132  6:49  Overlord  
  138  6:57  Roach x2  
  142  7:03  Roach  
  144  7:09  Roach x2  
  144  7:11  Roach  
  140  7:17  Queen  
  140  7:18  Roach  
  140  7:26  Roach x2, Hatchery  
  133  7:30  Roach x2  
  133  7:34  Roach  
Show
View Real Time Build Order
Export as new Build Order

GgMaChine Zerg 

Build Orders: Hatch First 

Get SALT Encoding   

  12  0:00  Drone  
  13  0:08  Drone  
  14  0:14  Extractor  
  14  0:15  Drone  
  15  0:22  Overlord  
  15  0:40  Drone  
  16  0:46  Hatchery  
  16  0:48  Drone  
  16  0:52  Drone  
  16  0:56  Drone  
  18  1:05  Extractor  
  18  1:10  Spawning Pool  
  16  1:14  Drone  
  16  1:17  Drone  
  18  1:26  Drone  
  19  1:37  Drone  
  20  1:48  Drone  
  21  1:57  Drone  
  21  1:58  Queen x2  
  21  1:59  Overlord  
  27  2:08  Drone  
  27  2:09  Metabolic Boost  
  27  2:11  Drone  
  28  2:20  Zergling x2  
  28  2:21  Drone  
  30  2:31  Hatchery  
  30  2:34  Zergling x2  
  30  2:36  Drone  
  31  2:42  Drone x2  
  33  2:51  Baneling Nest  
  33  2:53  Drone x2  
  34  3:02  Overlord  
  34  3:03  Zergling x2  
  36  3:05  Zergling x2  
  36  3:07  Overlord  
  36  3:21  Drone x5  
  41  3:28  Queen  
  41  3:31  Zergling x4  
  44  3:34  Baneling  
  44  3:37  Baneling  
  44  3:38  Zergling x6  
  47  3:41  Zergling x4  
  47  3:44  Zergling x4  
  47  3:47  Zergling x2  
  51  3:50  Zergling x4  
  52  4:01  Drone x3  
  52  4:02  Roach Warren  
  54  4:05  Extractor  
  54  4:07  Overlord  
  53  4:10  Drone  
  53  4:11  Drone x2  
  56  4:19  Drone x2  
  56  4:21  Overlord  
  56  4:22  Overlord  
  58  4:29  Drone x2  
  60  4:32  Extractor  
  60  4:34  Evolution Chamber  
  60  4:38  Drone x2  
  60  4:39  Drone  
  60  4:44  Drone x2  
  65  4:45  Roach  
  65  4:47  Roach  
  65  4:49  Roach  
  68  4:53  Spine Crawler, Roach  
  68  4:57  Roach x3  
  76  5:00  Spine Crawler  
  76  5:01  Roach  
  76  5:02  Baneling x2  
  77  5:08  Roach x2  
  77  5:12  Overlord  
  81  5:22  Overlord  
  81  5:29  Overlord x2  
  81  5:32  Roach x4  
  81  5:33  Overlord  
  90  5:43  Roach x4  
  90  5:47  Overlord  
  98  5:56  Roach x3  
  103  6:01  Roach x3  
  103  6:04  Overlord  
  109  6:06  Zergling x8  
  107  6:18  Zergling x12  
  112  6:29  Drone x5, Lair  
  112  6:31  Drone  
  115  6:33  Ravager x3  
  115  6:34  Ravager  
  115  6:35  Drone  
  115  6:36  Drone  
  115  6:37  Evolution Chamber  
  120  6:41  Drone  
  120  6:42  Drone x2  
  120  6:46  Drone x2  
  125  6:53  Overlord  
  126  6:54  Drone  
  126  6:55  Drone x3  
  129  7:06  Drone x6  
  129  7:07  Drone  
  131  7:09  Extractor x2  
  131  7:12  Roach x3  
  128  7:21  Roach x3  
  120  7:27  Roach x4  
  112  7:34  Drone  
  112  7:36  Roach x5  
Tags
 
Add a new tag
Caveats
  • Supply blocks, unpowered buildings, or Contaminate may cause inaccurate times.
  • Supply counts are checked every 10 seconds.